 Dungeon Crawl Stone Soup version 0.29-a0-613-gf2c431b9b9 (webtiles) character file.

Game seed: 10057204546754694846

8 Hubjo the Insei (level 2, 0/21 HPs)
             Began as a Demonspawn Transmuter on June 16, 2022.
             Slain by a rat (3 damage)
             ... on level 1 of the Dungeon.
             The game lasted 00:00:19 (391 turns).

Hubjo the Insei (Demonspawn Transmuter)              Turns: 391, Time: 00:00:19

Health: 0/21       AC:  2    Str: 10    XL:     2   Next: 0%
Magic:  5/5        EV: 12    Int: 14    God:
Gold:   35         SH:  0    Dex: 13    Spells: 4/5 levels left

rFire   . . .      SeeInvis .     - Unarmed
rCold   . . .      Faith    .   (no shield)
rNeg    . . .      Spirit   .   a - +0 robe
rPois   .          Reflect  .   (no helmet)
rElec   .          Harm     .   (no cloak)
rCorr   .          Rampage  .   (no gloves)
Will    .....                   (no boots)
Stlth   +.........              (no amulet)
HPRegen 0.07/turn               (no ring)
MPRegen 0.09/turn               (no ring)

@: no status effects
A: weakness stinger 1
a: no special abilities


You were on level 1 of the Dungeon.
You visited 1 branch of the dungeon, and saw 1 of its levels.

You collected 35 gold pieces.

Inventory:

Armour
 a - a +0 robe (worn)
Scrolls
 d - a scroll of vulnerability {unknown}
Potions
 b - a potion of lignification
 c - 2 potions of brilliance {unknown}


   Skills:
 * Level 1.4 Fighting
 - Level 1.7 Dodging
 + Level 0.3 Stealth
 + Level 2.7 Unarmed Combat
 + Level 2.1 Spellcasting
 + Level 1.9 Transmutations


You had 4 spell levels left.
You knew the following spells:

 Your Spells              Type           Power      Damage    Failure   Level
a - Beastly Appendage     Tmut           12%        N/A       11%         1

Your spell library contained the following spells:

 Spells                   Type           Power      Damage    Failure   Level
 Wereblood                Tmut           6%         N/A       16%         2
 Slow                     Hex            4%         N/A       24%         1
 Spider Form              Tmut/Pois      4%         N/A       43%         3
 Confusing Touch          Hex            1%         N/A       56%         3
 Vampiric Draining        Necr           1%         2d6       56%         3
 Ice Form                 Ice/Tmut       4%         N/A       85%         4


Dungeon Overview and Level Annotations

Branches:
Dungeon (1/15)

Altars:


Innate Abilities, Weirdness & Mutations

You have a small tail.


Message History

The bat barely misses you. The bat closely misses you. The bat misses you.
The bat hits you but does no damage. The bat misses you.
The bat barely misses you. The bat closely misses you.
The bat hits you but does no damage.
You grow a pair of large bovine horns.
Your feet morph into talons.
The bat hits you but does no damage. x2
You closely miss the bat. The bat hits you. The bat barely misses you.
The bat hits you.
You are too injured to fight recklessly!
You are too injured to fight recklessly!
You are too injured to fight recklessly!
You are too injured to fight recklessly!
You are too injured to fight recklessly!
You are too injured to fight recklessly!
You are too injured to fight recklessly!
You are too injured to fight recklessly!
You are too injured to fight recklessly!
A rat comes into view.
Your transformation is almost over.
The bat closely misses you. The bat misses you.
The bat hits you but does no damage. The bat misses you.
The bat hits you but does no damage. The bat hits you.
The bat barely misses you. The rat bites you. The bat barely misses you.
The rat closely misses you. The bat barely misses you.
The rat barely misses you. The bat hits you but does no damage.
The rat closely misses you. The bat hits you.
* * * LOW HITPOINT WARNING * * *
Your horns disappear.
Your talons disappear.
The bat closely misses you. The rat bites you.
* * * LOW HITPOINT WARNING * * *
The rat barely misses you. The bat hits you but does no damage.
The rat bites you.
You die...

# ## .#.... ..###
#.#
##..#............
##..###............
# #....#......##....
# #...........##...#
# #......$b..# ... #
#....r...# #.# #
#...@..# ###.#######
##....## #..........
##.#.#####.#.......#
#...††.....#........
#..#)########.###(.#
#....# #.# #..#
#.#... ..# #.##
#.#.### #### #.#
#.#)# #.#


You could see a bat and a rat.

Vanquished Creatures
  An endoplasm (D:1)
  A giant cockroach (D:1)
  A goblin (D:1)
  A hobgoblin (D:1)
  A quokka (D:1)
  A bat (D:1)
  A frilled lizard (D:1)
7 creatures vanquished.

Notes
Turn   | Place    | Note
-------+----------+-------------------------------------------
     0 | D:1      | Hubjo the Demonspawn Transmuter began the quest for the
                  | Orb.
     0 | D:1      | Reached XP level 1. HP: 15/15 MP: 3/3
   352 | D:1      | Discovered your monstrous ancestry.
   352 | D:1      | Gained mutation: You have a small tail. [demonic ancestry]
   352 | D:1      | Reached XP level 2. HP: 11/21 MP: 5/5
   391 | D:1      | Slain by a rat

Illustrated notes

Levels and vault maps discovered:
D:1:      zelgadis_glass_arrival_small, layout_loops_ring

Action                   || total
-------------------------++-------
Melee: Unarmed           ||    20
       Kick              ||     4
       Headbutt          ||     2
 Cast: Beastly Appendage ||     5
 Stab: Sleeping          ||     1
Armor: Robe              ||    17
Dodge: Dodged            ||    39

Table legend: (Time is in decaauts)
 A = Elapsed time spent in this place.
 B = Non-inter-level travel time spent in this place.
 C = Inter-level travel time spent in this place.
 D = Time resting spent in this place.
 E = Time spent auto-exploring this place.
 F = Levels seen in this place.
 G = Mean time per level.
                   A        B        C        D        E       F      G
               +--------+--------+--------+--------+--------+-----+--------+
         Total |    389 |    389 |      0 |      0 |    309 |   1 |  389.0 |
       Dungeon |    389 |    389 |      0 |      0 |    309 |   1 |  389.0 |
               +--------+--------+--------+--------+--------+-----+--------+

Top non-repeatable levels by time:
     D:1: 389 daAuts
